 Dungeon Crawl Stone Soup version 0.19-a0-722-g27ac516 (webtiles) character file.

158 SirSavien the Shield-Bearer (level 5, 0/33 HPs)
             Began as a Gargoyle Fighter on June 21, 2016.
             Was an Initiate of Gozag.
             Slain by SirSavien's ghost (2 damage)
             ... on level 4 of the Dungeon.
             The game lasted 00:05:14 (2291 turns).

SirSavien the Shield-Bearer (Gargoyle Fighter)      Turns: 2291, Time: 00:05:15

Health: 0/33       AC:  9    Str: 24    XL:     5   Next: 40%
Magic:  5/5        EV: 13    Int:  9    God:    Gozag
Gold:   152        SH: 10    Dex: 15    Spells: 0 memorised, 4 levels left

rFire  + . .     SeeInvis .     a - +0 flail
rCold  + . .     Gourm    .     s - +0 ring mail (curse)
rNeg   + . .     Faith    .     c - +0 shield
rPois  ∞         Spirit   .     (no helmet)
rElec  +         Dismiss  .     (no cloak)
rCorr  +         Reflect  .     (no gloves)
SustAt .         Harm     +     (no boots)
MR     .....                    l - amulet of harm
Stlth  ++........               (no ring)
                                (no ring)

@: mighty, agile, resistant, very slightly contaminated, hasted, very quick, not
resistant to hostile enchantments, unstealthy
A: negative energy resistance 1, electricity resistance, unbreathing,
petrification resistance, rot immunity, AC +4
a: Potion Petition, Call Merchant, Bribe Branch, Renounce Religion


You were on level 4 of the Dungeon.
You worshipped Gozag.
Gozag was noncommittal.
You were very hungry.

You visited 1 branch of the dungeon, and saw 4 of its levels.

You collected 200 gold pieces.
You paid 48 gold pieces to Gozag.

Inventory:

Hand Weapons
 a - a +0 flail (weapon)
Armour
 c - a +0 shield (worn)
 s - a cursed +0 ring mail (worn)
Jewellery
 l - an amulet of harm (around neck)
Scrolls
 e - a scroll of fear {unknown}
 h - a scroll of teleportation {unknown}
 i - 3 scrolls of magic mapping {unknown}
 j - 3 scrolls of remove curse {unknown}
 n - a scroll of identify
 o - a scroll of noise {unknown}
 q - a scroll of immolation {unknown}
Potions
 d - 2 potions of might
 k - a potion of ambrosia
 r - 2 potions of agility
Books
 g - a book of Maledictions

   Spells                             Type                      Level
   a - Corona                         Hexes                        1
   b - Ensorcelled Hibernation        Hexes/Ice                    2
   c - Confuse                        Hexes                        3
   d - Tukima's Dance                 Hexes                        3
   e - Dazzling Spray                 Conjuration/Hexes            3
Comestibles
 f - 2 bread rations
 m - a meat ration


   Skills:
 + Level 4.0 Fighting
 + Level 2.9 Maces & Flails
 + Level 4.1 Armour
 * Level 5.0 Shields


You had 4 spell levels left.
You didn't know any spells.

Dungeon Overview and Level Annotations

Branches:
Dungeon (4/15)
 Temple: D:4-7

Altars:
Cheibriados
Gozag
Kikubaaqudgha
Makhleb
Vehumet
The Shining One

Annotations:
D:4 SirSavien's ghost, novice DEIE


Innate Abilities, Weirdness & Mutations

You are resistant to torment.
Your stone body is resilient. (AC +4)
You are immune to poison.
You resist negative energy. (rN+)
You are resistant to electric shocks. (rElec)
You can survive without breathing.
You are immune to petrification.
You are immune to rotting.


Message History

You block SirSavien's ghost's attack. The adder skeleton barely misses you.
You miss SirSavien's ghost.
SirSavien's ghost is severely damaged.
You block SirSavien's ghost's attack. You block the adder skeleton's attack.
You hit SirSavien's ghost.
SirSavien's ghost is severely damaged.
You block the adder skeleton's attack. SirSavien's ghost closely misses you.
You miss SirSavien's ghost.
SirSavien's ghost is severely damaged.
You block the adder skeleton's attack. SirSavien's ghost hits you.
* * * LOW HITPOINT WARNING * * *
You closely miss SirSavien's ghost.
SirSavien's ghost is severely damaged.
The adder skeleton bites you but does no damage.
SirSavien's ghost barely misses you.
You closely miss SirSavien's ghost.
SirSavien's ghost is severely damaged.
The adder skeleton closely misses you. SirSavien's ghost hits you.
You die...
Your body crumbles into a pile of gold.

###.....#
##....<..##
###.........#
#.......<...##
#.....$......#
#............##
#..............#
#....$!.......##
#.......@.......#
#.......WZ.....##
#..............#
#.............##
#.........$...#
............##
............#
...........##


You could see SirSavien's ghost and an adder skeleton.

Vanquished Creatures
  A hound (D:2)
  A worker ant (D:4)
  A gnoll (D:1)
  2 adders (D:2)
  An ooze (D:2)
  3 worms
  3 dart slugs
  4 giant geckos
  5 giant cockroaches
  5 goblins (D:1)
  7 hobgoblins
  3 jackals (D:1)
  6 kobolds
  A ball python (D:1)
  6 bats
  A giant newt (D:2)
  6 rats
56 creatures vanquished.

Notes
Turn   | Place    | Note
--------------------------------------------------------------
     0 | D:1      | SirSavien the Gargoyle Fighter began the quest for the Orb.
     0 | D:1      | Reached XP level 1. HP: 14/14 MP: 1/1
    35 | D:1      | Reached XP level 2. HP: 17/19 MP: 2/2
   123 | D:1      | Reached skill level 4 in Shields
   205 | D:1      | Reached XP level 3. HP: 23/23 MP: 3/3
   576 | D:2      | Found an ancient bone altar of Kikubaaqudgha.
   685 | D:2      | Reached XP level 4. HP: 18/28 MP: 4/4
  1186 | D:2      | Found a faded altar of an unknown god.
  1344 | D:2      | Found a burning altar of Makhleb.
  1354 | D:2      | Reached XP level 5. HP: 23/33 MP: 5/5
  1779 | D:3      | Found an opulent altar of Gozag.
  1782 | D:3      | Found a snail-covered altar of Cheibriados.
  1785 | D:3      | Found a radiant altar of Vehumet.
  1842 | D:3      | Became a worshipper of Gozag Ym Sagoz the Greedy
  2100 | D:3      | Found a glowing golden altar of the Shining One.
  2268 | D:4      | Reached skill level 5 in Shields
  2277 | D:4      | Noticed SirSavien's ghost (novice DEIE)
  2291 | D:4      | Slain by SirSavien's ghost

Vault maps used:
D:1:      minmay_arrival_five_plusses, minmay_bisected
D:2:      old_standard_altar, ecumenical_altar_1, first_bread,
          makhleb_blood_cavern_becter
D:3:      grunt_temple_overflow_diamond, tso_oasis_becter
D:4:      lemuel_doored_altar, uniq_sigmund

Skill      XL: |  1  2  3  4  5 |
---------------+----------------+-----
Shields        | 4 5 |  5.0
Armour         | 4 |  4.1
Fighting       | 4 |  4.0
Maces & Flails | |  2.9

Action                   |  1- 3 |  4- 6 || total
-------------------------+-------+-------++-------
Melee: Flail             |   164 |   120 ||   284
Invok: Potion Petition   |       |     1 ||     1
  Use: Scroll            |       |     3 ||     3
  Eat: Chunk             |       |     4 ||     4
Armor: Scale mail        |   113 |    46 ||   159
       Ring mail         |       |    14 ||    14
Dodge: Dodged            |    68 |    46 ||   114
Block: Shield            |   111 |    72 ||   183
